 Dungeon Crawl Stone Soup version 0.29.1-15-g9cfb28693d (webtiles) character file.

Game seed: 16382873698977620109

692 Gumption the Chopper (level 7, -4/62 HPs)
             Began as a Minotaur Berserker on Mar 19, 2023.
             Was a Priest of Trog.
             Slain by a small abomination (13 damage)
             ... on level 2 of the Abyss.
             The game lasted 00:25:25 (4318 turns).

Gumption the Chopper (Minotaur Berserker)           Turns: 4318, Time: 00:25:25

Health: -4/62      AC: 12    Str: 24    XL:     7   Next: 36%
Magic:  6/6        EV:  5    Int:  4    God:    Trog [***...]
Gold:   241        SH:  6    Dex:  9    Spells: 6/6 levels left

rFire   . . .      SeeInvis .   a - +0 hand axe
rCold   . . .      Faith    .   v - +0 kite shield
rNeg    . . .      Spirit   .   g - +0 plate armour
rPois   .          Reflect  .   (helmet restricted)
rElec   .          Harm     .   (no cloak)
rCorr   .          Rampage  .   (no gloves)
Will    .....                   (no boots)
Stlth   ..........              (no amulet)
HPRegen 0.20/turn               (no ring)
MPRegen 0.10/turn               (no ring)

@: no status effects
A: horns 2, retaliatory headbutt
a: Renounce Religion, Berserk, Trog's Hand


You were on level 2 of the Abyss.
You worshipped Trog.
Trog was most pleased with you.
You visited 1 branch of the dungeon, and saw 4 of its levels.
You visited the Abyss 1 time.
You also visited: Sewer.

You collected 241 gold pieces.

Inventory:

Hand Weapons
 a - a +0 hand axe (weapon)
 b - a +2 vampiric spear
Armour
 e - a +0 chain mail
 g - a +0 plate armour (worn)
 q - a +0 animal skin
 v - a +0 kite shield (worn)
Jewellery
 i - a ring of flight
Wands
 p - a wand of polymorph (9)
Scrolls
 c - a scroll of enchant armour {unknown}
 f - a scroll of blinking
 h - a scroll of torment {unknown}
 j - 2 scrolls of immolation {unknown}
 l - a scroll of fog {unknown}
 m - 3 scrolls of teleportation {unknown}
 o - a scroll of amnesia {unknown}
 r - a scroll of identify
 s - a scroll of poison {unknown}
Potions
 d - a potion of berserk rage
 k - a potion of brilliance
 n - a potion of attraction
 t - a potion of magic


   Skills:
 + Level 5.9 Fighting
 * Level 7.7 Axes
 + Level 5.3 Armour
 - Level 2.1 Dodging
 * Level 1.2 Shields


You had 6 spell levels left.
You didn't know any spells.
Your spell library was empty.

Dungeon Overview and Level Annotations

Branches:
Dungeon (4/15)             Temple (0/1) D:4           Sewer (visited)

Altars:


Innate Abilities, Weirdness & Mutations

You have a pair of horns on your head.
You reflexively headbutt those who attack you in melee.


Message History

Reactivating autopickup.
Your skin crawls.
You feel strong-willed.
You can no longer call in reinforcements.
A small abomination comes into view.
You feel the effects of Trog's Hand fading.
Found a gateway leading deeper into the Abyss.
Your skin stops crawling.
You feel less strong-willed.
A cacodemon comes into view.
There is a gateway leading deeper into the Abyss here.
The cacodemon shouts!
You plunge deeper into the Abyss.
A small abomination comes into view.
You closely miss the small abomination.
You headbutt the small abomination, but do no damage.
The small abomination hits you!
You slash the small abomination!
The small abomination is moderately damaged.
The small abomination hits you. The small abomination hits you!
You closely miss the small abomination. You headbutt the small abomination!
The small abomination is almost destroyed.
The small abomination barely misses you.
You furiously retaliate!
You headbutt the small abomination. You hit the small abomination.
You destroy the small abomination!
Trog accepts your kill.
Your Shields skill increases to level 1!
A small abomination comes into view.
A small abomination comes into view.
The small abomination attacks as you move away!
The small abomination hits you! x2
* * * LOW HITPOINT WARNING * * *
You slash the small abomination!
The small abomination is moderately damaged.
The small abomination hits you!
* * * LOW HITPOINT WARNING * * *
You hit the small abomination but do no damage.
The small abomination is moderately damaged.
The small abomination hits you!
You die...

#. ##.x...≈~~ ~~.##.
#.# ###.#..~~≈~≈~ ..#.
.~~#.~♣~~~~#~~~... .#.
..#.♣~..~.....##.. .#
~##.#~~~~..#.........
.
~~~.~~~~♣....~..###.#.
~~≈ #~#..#~.#.#. ..#.
~~~~~###x##.~##.#.#.#
#. ~..~~~.@##
###.#.#.#. ..
~.§#..##..# . #######.
#. ..# #.. ### # . #.
..# #.. #.#. .# .. .##
#.### #. #. ## ## # .
#. .. . # #..#.#.
#...#


You could see a small abomination.

Vanquished Creatures
  Sigmund (D:3)
  2 bullfrogs (Sewer)
  A small abomination (Abyss:2)
  A hound (D:4)
  A jelly (D:3)
  An orc wizard (D:3)
  Terence (D:3)
  4 gnolls (D:3)
  6 adders
  3 worms (D:3)
  3 dart slugs
  9 orcs
  15 ball pythons
  6 bats
  12 endoplasms
  13 giant cockroaches
  4 hobgoblins
  4 jackals (D:1)
  6 kobolds
  7 quokkas
  14 frilled lizards
  6 goblins
  2 rats
122 creatures vanquished.

Vanquished Creatures (others)
  2 fungi (D:2)
  5 plants (D:2)
7 creatures vanquished.

Grand Total: 129 creatures vanquished

Notes
Turn   | Place    | Note
-------+----------+-------------------------------------------
     0 | D:1      | Gumption the Minotaur Berserker began the quest for the
                  | Orb.
     0 | D:1      | Reached XP level 1. HP: 19/19 MP: 0/0
   228 | D:1      | Reached skill level 4 in Axes
   228 | D:1      | Reached XP level 2. HP: 15/27 MP: 1/1
   790 | D:1      | Reached ** piety under Trog
   791 | D:1      | Reached XP level 3. HP: 33/33 MP: 2/2
  1390 | D:2      | Found a faded altar of an unknown god.
  1913 | D:3      | Found a glowing drain.
  1924 | D:3      | Reached skill level 5 in Axes
  1924 | D:3      | Reached XP level 4. HP: 36/40 MP: 3/3
  1932 | Sewer    | Entered a sewer
  2090 | Sewer    | Reached *** piety under Trog
  2248 | Sewer    | Noticed a bullfrog
  2249 | Sewer    | Noticed a bullfrog
  2255 | Sewer    | Killed a bullfrog
  2256 | Sewer    | Reached XP level 5. HP: 47/47 MP: 4/4
  2260 | Sewer    | Reached skill level 5 in Fighting
  2260 | Sewer    | Reached skill level 6 in Axes
  2520 | D:3      | Noticed Terence
  2541 | D:3      | Killed Terence
  2542 | D:3      | Reached XP level 6. HP: 56/56 MP: 5/5
  2919 | D:3      | Noticed Sigmund
  2933 | D:3      | Killed Sigmund
  2934 | D:3      | Reached skill level 7 in Axes
  3037 | D:3      | Reached skill level 5 in Armour
  3113 | D:3      | Reached XP level 7. HP: 62/62 MP: 6/6
  3974 | D:4      | Found a staircase to the Ecumenical Temple.
  4185 | D:4      | Reached **** piety under Trog
  4222 | Abyss:1  | Cast into level 1 of the Abyss (orc wizard)
  4264 | Abyss:1  | Noticed a cacodemon
  4311 | Abyss:2  | Reached skill level 1 in Shields
  4318 | Abyss:2  | Slain by a small abomination

Illustrated notes

Levels and vault maps discovered:
D:1:      shiori_arrival_oz, layout_basic, kennysheep_another_room
D:2:      layout_loops_ring, serial_forest, infiniplex_forest_pool,
          infiniplex_forest_clump_long, infiniplex_forest_lined_3_way,
          infiniplex_forest_lined_2, infiniplex_forest_corner_2,
          infiniplex_forest_clump_curved, infiniplex_forest_pool,
          shapermc_ecumenical_altar_mp_urbaneastern, minmay_bisected
D:3:      layout_loops_ring, portal_sewer_entry_d, nicolae_wormholes,
          uniq_terence, uniq_sigmund
D:4:      cheibrodos_barr_body, layout_rooms,
          minmay_temple_entry_statues_fountains, minivault_11,
          chequers_serial_rivers_large_a
Abyss:2:  base: D:2, evilmike_abyss_exit_mutagenic

Skill      XL: |  1  2  3  4  5  6  7 |
---------------+----------------------+-----
Axes           | 4 5 6 7 |  7.7
Fighting       | 4 5 |  5.9
Armour         | 3 4 5 |  5.3
Shields        | 1 |  1.2
Dodging        | |  2.1

Action                   |  1- 3 |  4- 6 |  7- 9 || total
-------------------------+-------+-------+-------++-------
Melee: Hand axe          |    80 |   144 |    77 ||   301
       Headbutt          |     9 |    16 |    10 ||    35
       Punch             |       |     3 |       ||     3
Invok: Berserk           |       |     2 |       ||     2
       Trog's Hand       |       |       |     1 ||     1
  Use: Scroll            |     2 |       |     4 ||     6
Armor: Animal skin       |     3 |       |       ||     3
       Chain mail        |    18 |       |       ||    18
       Plate armour      |     8 |    97 |    42 ||   147
Dodge: Dodged            |    51 |    42 |    21 ||   114
Block: Kite shield       |       |       |     2 ||     2
